 Dungeon Crawl Stone Soup version 0.29.0-5-ge4962eb29e (webtiles) character file.

Game seed: 5720650577515646839

177 raistware the Conjurer (level 5, 0/29 HPs)
             Began as an Octopode Conjurer on Aug 29, 2022.
             Succumbed to a scorpion's poison
             ... on level 3 of the Dungeon.
             The game lasted 00:05:04 (3080 turns).

raistware the Conjurer (Octopode Conjurer)          Turns: 3080, Time: 00:05:05

Health: 0/29       AC:  5    Str:  3 (6)  XL:     5   Next: 57%
Magic:  6/20       EV: 13    Int: 20 (23) God:
Gold:   158        SH:  0    Dex:  8 (10) Spells: 8/13 levels left

rFire   + . .      SeeInvis .   (no weapon)
rCold   + . .      Faith    .   (no shield)
rNeg    . . .      Spirit   .   (helmet restricted)
rPois   +          Reflect  .   (no amulet)
rElec   +          Harm     .   a - +4 ring of protection
rCorr   +          Rampage  .   s - ring of magical power
Will    .....                   (no ring)
Stlth   +++.......              (no ring)
HPRegen 0.09/turn               (no ring)
MPRegen 0.17/turn               (no ring)
                                (no ring)
                                (no ring)

@: lethally poisoned (0 -> -13), resistant, very slightly contaminated
A: almost no armour, amphibious, 8 rings, camouflage 1, gelatinous body 1,
(nimble swimmer 1), tentacles, frail 1
a: no special abilities


You were on level 3 of the Dungeon.
You visited 1 branch of the dungeon, and saw 3 of its levels.

You collected 158 gold pieces.

Inventory:

Jewellery
 a - a +4 ring of protection (left tentacle)
 s - a ring of magical power (right tentacle)
Wands
 i - a wand of quicksilver (17)
 p - a wand of roots (3)
Scrolls
 c - a scroll of magic mapping {unknown}
 e - 2 scrolls of identify {unknown}
 h - a scroll of blinking {unknown}
 j - 2 scrolls of silence {unknown}
 n - a scroll of fog {unknown}
 o - a scroll of amnesia {unknown}
 q - a scroll of vulnerability {unknown}
 t - a scroll of summoning {unknown}
Potions
 b - a potion of brilliance {unknown}
 d - a potion of degeneration
 f - a potion of mutation
 g - a potion of resistance
 k - a potion of invisibility {unknown}
 l - a potion of lignification {unknown}
 m - a potion of attraction {unknown}
 r - a potion of heal wounds {unknown}


   Skills:
 - Level 1.0 Fighting
 - Level 2.0 Dodging
 - Level 2.6 Stealth
 + Level 4.5 Spellcasting
 + Level 4.6 Conjurations


You had 8 spell levels left.
You knew the following spells:

 Your Spells              Type           Power      Damage    Failure   Level
a - Magic Dart            Conj           92%        1d7       1%          1
b - Iskenderun's Mystic   Conj/Tloc      13%        2d5       43%         4

Your spell library contained the following spells:

 Spells                   Type           Power      Damage    Failure   Level
 Searing Ray              Conj           46%        2d6       2%          2
 Slow                     Hex            16%        N/A       12%         1
 Dazzling Flash           Conj/Hex       26%        N/A       14%         3
 Confusing Touch          Hex            4%         N/A       36%         3
 Vampiric Draining        Necr           4%         2d6       36%         3
 Fulminant Prism          Conj/Hex       6%         3d7       43%         4
 Yara's Violent Unravell  Hex/Tmut       2%         3d3       98%         5
 Enfeeble                 Hex            2%         N/A       100%        7


Dungeon Overview and Level Annotations

Branches:
Dungeon (3/15)

Altars:
Dithmenos

Shops:
D:1 (


Innate Abilities, Weirdness & Mutations

You cannot wear most types of armour.
You are amphibious.
You can wear up to eight rings at the same time.
Your skin changes colour to match your surroundings (Stealth+).
Your rubbery body absorbs attacks. (AC +1, EV +1)
((You are camouflaged when in or above water. (Stealth+)))
You have tentacles for arms and can constrict up to eight enemies at once.
You are frail. (-10% HP)


Message History

The magic dart hits the scorpion.
The scorpion is lightly wounded.
The scorpion stings you. x2
The magic dart hits the scorpion.
The scorpion is moderately wounded.
The scorpion stings you.
The magic dart hits the scorpion.
The scorpion is moderately wounded.
The scorpion barely misses you.
The magic dart hits the scorpion.
The scorpion is heavily wounded.
The scorpion stings you.
The magic dart hits the scorpion.
The scorpion is heavily wounded.
The scorpion barely misses you.
Casting: Magic Dart (safe; 1% risk of failure)
Confirm with . or Enter, or press ? or * to list all spells.
The spell is extremely dangerous to miscast (36% risk of failure)!
Continue anyway?
You miscast Iskenderun's Mystic Blast.
You are very lightly contaminated with residual magic.
Nothing appears to happen.
The scorpion stings you.
You are poisoned.
The scorpion poisons you! The scorpion stings you.
You are lethally poisoned!
The scorpion poisons you!
It was a potion of degeneration.
There was something very wrong with that liquid.
You feel weakened.
You feel dopey.
You feel clumsy.
* * * LOW HITPOINT WARNING * * *
You feel very sick.
The scorpion stings you but does no damage.
It was a potion of resistance.
You feel protected.
* * * LOW HITPOINT WARNING * * *
You feel very sick. The scorpion stings you.
* * * LOW HITPOINT WARNING * * *
It was a potion of mutation.
You feel extremely strange.
You feel frail.
You die...

##.##......#
##.....######
#..##### #.##
##.# ###..#
#...##
####.####
#...@...#
#..##s##..# #
#. †K. .# # #
..#.. # #<.
#.# #.# .. #
+. .+ #.# #.
.#. #.. #
#.###.# #####
##.....#
##....


You could see a scorpion and a kobold.

Vanquished Creatures
  Jessica (D:2)
  Natasha (thrice) (D:2)
  2 adders
  A dart slug (D:1)
  An orc (D:3)
  4 endoplasms
  2 giant cockroaches (D:1)
  9 goblins
  6 hobgoblins
  3 jackals (D:2)
  4 kobolds
  2 ball pythons
  9 bats
  4 frilled lizards
  4 rats
55 creatures vanquished.

Notes
Turn   | Place    | Note
-------+----------+-------------------------------------------
     0 | D:1      | raistware the Octopode Conjurer began the quest for the
                  | Orb.
     0 | D:1      | Reached XP level 1. HP: 11/11 MP: 3/3
   176 | D:1      | Reached XP level 2. HP: 17/17 MP: 3/5
   211 | D:1      | Found a faded altar of an unknown god.
   674 | D:1      | Reached XP level 3. HP: 21/21 MP: 5/7
   897 | D:1      | Found Pionym's Weapon Shoppe.
  1373 | D:2      | Noticed Jessica
  1385 | D:2      | Killed Jessica
  1386 | D:2      | Reached XP level 4. HP: 5/27 MP: 7/10
  1430 | D:2      | Noticed Natasha
  1860 | D:2      | Reached skill level 1 in Fighting
  1865 | D:2      | Learned a level 4 spell: Iskenderun's Mystic Blast
  1969 | D:2      | Killed Natasha
  1974 | D:2      | Noticed Natasha
  2240 | D:2      | Killed Natasha
  2241 | D:2      | Reached XP level 5. HP: 19/33 MP: 5/11
  2494 | D:2      | Noticed Natasha
  2498 | D:2      | Killed Natasha
  2863 | D:3      | Found a shadowy altar of Dithmenos.
  3080 | D:3      | Gained mutation: You are frail. (-10% HP) [potion of
                  | mutation]
  3080 | D:3      | Succumbed to a scorpion's poison

Illustrated notes

Levels and vault maps discovered:
D:1:      eino_arrival_druids_welcome, layout_loops_cross, serial_shops, shop,
          shapermc_ecumenical_altar_starsandcircs, minmay_pentomino_x4
D:2:      layout_rooms, uniq_jessica, uniq_natasha
D:3:      layout_rooms, mainiacjoe_overflow_small_starburst, minmay_box_of_dots

Skill      XL: |  1  2  3  4 |
---------------+-------------+-----
Spellcasting   | 3 4 |  4.5
Fighting       | 1 |  1.0
Dodging        | |  2.0
Stealth        | |  2.6
Conjurations   | |  4.6

Action                   |  1- 3 |  4- 6 || total
-------------------------+-------+-------++-------
Melee: Unarmed           |     8 |       ||     8
       Constrict         |     3 |       ||     3
       Tentacles         |     1 |       ||     1
 Cast: Magic Dart        |    68 |    57 ||   125
       Iskenderun's Myst |       |     1 ||     1
Evoke: Wand              |       |     1 ||     1
  Use: Potion            |     1 |     3 ||     4
Armor: Skin              |     1 |     5 ||     6
Dodge: Dodged            |    19 |     8 ||    27
